 Dungeon Crawl Stone Soup version 0.17-a0-1942-g46ae386 (webtiles) character file.

17 ololoev the Slasher (level 2, 0/21 HPs)
             Began as a High Elf Fighter on Sept 30, 2015.
             Killed from afar by an orc wizard (4 damage)
             ... with a magic dart
             ... on level 4 of the Dungeon.
             The game lasted 00:01:56 (319 turns).

ololoev the Slasher (High Elf Fighter)               Turns: 319, Time: 00:01:56

Health: 0/21       AC:  6    Str: 15    XL:     2   Next: 44%
Magic:  3/3        EV:  9    Int: 11    God:
Gold:   34         SH:  0    Dex: 14    Spells: 0 memorised, 1 level left

rFire  . . .     SeeInvis .     a - +0 long sword
rCold  . . .     Clarity  .     b - +0 scale mail
rNeg   . . .     SustAt   .     (no shield)
rPois  .         Gourm    .     (no helmet)
rElec  .         Spirit   .     (no cloak)
rCorr  .         Warding  .     (no gloves)
rMut   .         Stasis   .     (no boots)
MR     .....                    d - amulet of faith
Stlth  ..........               (no ring)
                                g - ring of flight

@: not resistant to hostile enchantments, extremely unstealthy
A: no striking features
a: Evoke Flight

Inventory:

Hand weapons
 a - a +0 long sword (weapon)
Armour
 b - a +0 scale mail (worn)
 c - a +0 shield
Jewellery
 d - an amulet of faith (around neck)
 g - a ring of flight (left hand)
Scrolls
 f - 2 scrolls of identify {unknown}
 i - a scroll of remove curse {unknown}
 j - a scroll of noise {unknown}
Potions
 k - a potion of degeneration {unknown}
Comestibles
 e - 2 bread rations
 h - a meat ration


   Skills:
 + Level 3.2 Fighting
 * Level 3.3 Long Blades
 + Level 2.8 Armour
 - Level 2.6 Shields


You had one spell level left.
You didn't know any spells.


You were on level 4 of the Dungeon.
You were not hungry.

You visited 1 branch of the dungeon, and saw 4 of its levels.

You collected 34 gold pieces.

........# .......#
......+.... .....#..o#
+###....#.o.# # #.
....+....#...# .. #..
.....#....#...# ... +..
.....#....+... .... #..#
#...#..@o##+##.....
#..####...###oo..........
+...........#.......#+###
...#...........#.......+
...#....##.....#.......#
...#....##.....'.......#
...#....##.....#.......#
...+....##.....#......(#
...#'#####.....#########

Notes
Turn   | Place    | Note
--------------------------------------------------------------
     0 | D:1      | ololoev the High Elf Fighter began the quest for the Orb.
     0 | D:1      | Reached XP level 1. HP: 16/16 MP: 2/2
   192 | D:2      | Reached XP level 2. HP: 21/21 MP: 3/3
   319 | D:4      | Killed from afar by an orc wizard

Dungeon Overview and Level Annotations

Branches:
Dungeon (4/15)
 Temple: D:4-7

Altars:


Message History

You hit the orc wizard but do no damage.
The orc wizard is lightly wounded.
The orc hits you but does no damage. The orc completely misses you.
The orc wizard casts a spell at you. The magic dart hits you!
You are too injured to fight recklessly!
Unknown command.
You hit the orc wizard.
The orc wizard is heavily wounded.
The orc hits you but does no damage. The orc hits you with a hand axe.
The orc wizard mumbles some strange words.
The orc wizard seems to speed up.
You hit the orc wizard.
The orc wizard is severely wounded.
The orc wizard misses you. The orc closely misses you.
The orc hits you with a hand axe. The orc wizard barely misses you.
You barely miss the orc wizard.
The orc wizard is severely wounded.
The orc wizard barely misses you. The orc barely misses you.
The orc hits you but does no damage. The orc wizard closely misses you.
The orc hits you but does no damage.
You miss the orc wizard.
The orc wizard is severely wounded.
The orc wizard hits you but does no damage.
The orc barely misses you. The orc wizard barely misses you.
The orc barely misses you.
You closely miss the orc wizard.
The orc wizard is severely wounded.
The orc hits you with a hand axe.
The orc wizard hits you but does no damage.
The orc completely misses you.
You barely miss the orc wizard.
The orc wizard is severely wounded.
The orc wizard completely misses you. The orc hits you but does no damage.
The orc wizard hits you with a dagger. The orc hits you but does no damage.
You completely miss the orc wizard.
The orc wizard is severely wounded.
The orc wizard points at you and mumbles some strange words.
The magic dart hits you!
You die...

You could see an orc wizard and 2 orcs.

Vanquished Creatures
  An adder (D:2)
  A bat (D:1)
  3 hobgoblins
  A giant newt (D:1)
  2 goblins
8 creatures vanquished.

Action                   || total
-------------------------++-------
Melee: Long sword        ||    27
  Use: Potion            ||     1

Vault maps used:
D:1:      dpeg_arrival_short_road
D:2:      yredelemnul_altar_generic, glass_columns_a, uniq_robin
D:4:      overflow_temple_1_default, portal_sewer_entry_b, first_bread,
          nicolae_ossuary_entry_false_entrances, uniq_crazy_yiuf_cottage,
          uniq_edmund
